 Dungeon Crawl Stone Soup version 0.23.0 (webtiles) character file.

Game seed: 15302433194199760206

46 kidcy the Firebug (level 3, 0/19 HPs)
             Began as a Deep Elf Fire Elementalist on Feb 15, 2019.
             Slain by a goblin
             ... wielding a +0 club
             ... led by Robin
              (1 damage)
             ... on level 1 of the Dungeon.
             The game lasted 00:04:38 (1212 turns).

kidcy the Firebug (Deep Elf Fire Elementalist)      Turns: 1212, Time: 00:04:38

Health: 0/19       AC:  3    Str:  2 (5)  XL:     3   Next: 44%
Magic:  10/10      EV: 13    Int: 24 (25) God:
Gold:   22         SH:  0    Dex: 12 (15) Spells: 3/9 levels left

rFire    . . .     SeeInvis .   (no weapon)
rCold    . . .     Gourm    .   (no shield)
rNeg     + . .     Faith    .   a - +0 robe
rPois    .         Spirit   .   (no helmet)
rElec    .         Reflect  .   m - +0 cloak
rCorr    .         Harm     .   (no gloves)
MR       .....                  (no boots)
Stlth    ++........             (no amulet)
HPRegen  0.06/turn              b - ring of positive energy
MPRegen  0.12/turn              (no ring)

@: brilliant, lethally poisoned (0 -> -9)
A: no striking features
a: no special abilities


You were on level 1 of the Dungeon.
You were not hungry.

You visited 1 branch of the dungeon, and saw 2 of its levels.

You collected 22 gold pieces.

Inventory:

Armour
 a - a +0 robe (worn)
 m - a +0 cloak (worn)
Jewellery
 b - a ring of positive energy (left hand)
Scrolls
 f - a scroll of enchant armour {unknown}
 h - 3 scrolls of remove curse {unknown}
 j - a scroll of magic mapping {unknown}
 k - a scroll of identify {unknown}
 l - a scroll of random uselessness {unknown}
Potions
 g - a potion of mutation {unknown}
 n - a potion of flight {unknown}
Comestibles
 c - 2 rations


   Skills:
 - Level 3.0 Dodging
 - Level 3.1 Stealth
 + Level 3.5 Spellcasting
 * Level 1.9 Conjurations
 + Level 3.6 Fire Magic


You had 3 spell levels left.
You knew the following spells:

 Your Spells              Type           Power        Failure   Level  Hunger
a - Flame Tongue          Conj/Fire      ####.        1%          1    None
b - Throw Flame           Conj/Fire      ####..       1%          2    #......
c - Conjure Flame         Conj/Fire      ####....     1%          3    ###....

Your spell library contained the following spells:

 Spells                   Type           Power        Failure   Level  Hunger
 Inner Flame              Hex/Fire       ####....     1%          3    ###....
 Sticky Flame             Conj/Fire      ####....     4%          4    ####...
 Fireball                 Conj/Fire      ####......   10%         5    ######.


Dungeon Overview and Level Annotations

Branches:
Dungeon (2/15)

Altars:

Annotations:
D:2 Robin


Message History

There is a stone staircase leading down here.
As you read the scroll labeled LEOPUR YMEDU, it crumbles to dust.
It is a scroll of enchant weapon.
You aren't carrying any weapons that can be enchanted.
The adder bites you.
* * * LOW HITPOINT WARNING * * *
You are lethally poisoned!
The adder poisons you! The goblin hits you with a +0 club.
* * * LOW HITPOINT WARNING * * *
Unknown command.
It was a potion of degeneration.
There was something very wrong with that liquid.
You feel weakened.
You feel dopey.
You feel clumsy.
* * * LOW HITPOINT WARNING * * *
You feel sick. The adder closely misses you.
It was a potion of brilliance.
You feel clever all of a sudden.
* * * LOW HITPOINT WARNING * * *
You feel sick. The adder barely misses you. The goblin hits you with a +0 club.
You die...

###.# #...#
#########.###
#..........#
#..........#
#..........##########
#....................
#..S.......##########
#..g@......#
#..........#
############


You could see an adder and a goblin.

Vanquished Creatures
  An adder (D:2)
  An ooze (D:1)
  A worm (D:2)
  A leopard gecko (D:2)
  3 bats (D:1)
  3 goblins
  5 hobgoblins
  4 jackals (D:1)
  3 kobolds (D:1)
  3 rats
25 creatures vanquished.

Notes
Turn   | Place    | Note
-------+----------+-------------------------------------------
     0 | D:1      | kidcy the Deep Elf Fire Elementalist began the quest for
                  | the Orb.
     0 | D:1      | Reached XP level 1. HP: 10/10 MP: 6/6
    16 | D:1      | Noticed a minotaur zombie
    16 | D:1      | Noticed a merfolk zombie
   255 | D:1      | Reached XP level 2. HP: 12/15 MP: 1/8
   933 | D:2      | Reached XP level 3. HP: 19/19 MP: 6/9
   972 | D:2      | Learned a level 2 spell: Throw Flame
   976 | D:2      | Learned a level 3 spell: Conjure Flame
  1198 | D:2      | Noticed Robin
  1212 | D:1      | Slain by a goblin

Skill      XL: |  1  2  3 |
---------------+----------+-----
Stealth        | 3 |  3.1
Dodging        | 3 |  3.0
Spellcasting   | |  3.5
Conjurations   | |  1.9
Fire Magic     | |  3.6

Action                   || total
-------------------------++-------
Melee: Unarmed           ||     2
 Cast: Flame Tongue      ||    43
       Throw Flame       ||     1
  Use: Potion            ||     2
       Scroll            ||     1
  Eat: Chunk             ||     1
Armor: Robe              ||     6
Dodge: Dodged            ||    16
